 Dungeon Crawl Stone Soup version 0.25-a0-645-gb4487340cb (webtiles) character file.

Game seed: 1020608610461437153, levelgen mode: deterministic

352 An17 the Cutter (level 6, -1/30 HPs)
             Began as a Vine Stalker Artificer on Mar 21, 2020.
             Was a Believer of Cheibriados.
             Slain by an ogre
             ... wielding a +0 giant club
              (19 damage)
             ... on level 4 of the Dungeon.
             The game lasted 00:08:47 (2421 turns).

An17 the Cutter (Vine Stalker Artificer)            Turns: 2421, Time: 00:08:47

Health: -1/30      AC:  9    Str: 21    XL:     6   Next: 61%
Magic:  0/9        EV: 12    Int: 15    God:    Cheibriados [**....]
Gold:   241        SH:  0    Dex: 20    Spells: 5/5 levels left

rFire    . . .     SeeInvis .   j - +2 short sword (freeze)
rCold    . . .     Gourm    .   (no shield)
rNeg     . . .     Faith    .   l - +0 ring mail
rPois    .         Spirit   +   (no helmet)
rElec    .         Reflect  .   (no cloak)
rCorr    .         Harm     .   (no gloves)
MR       .....                  (no boots)
Stlth    ++........             (no amulet)
HPRegen  0.50/turn              h - +4 ring of protection
MPRegen  0.11/turn              o - +2 ring of dexterity

@: very slow
A: fangs 2, regeneration 1, magic shield, antimagic bite, no potion heal 3, rot
immunity
a: Bend Time, Renounce Religion


You were on level 4 of the Dungeon.
You worshipped Cheibriados.
Cheibriados was pleased with you.
You were not hungry.

You visited 1 branch of the dungeon, and saw 4 of its levels.

You collected 241 gold pieces.

Inventory:

Hand Weapons
 j - a +2 short sword of freezing (weapon)
Missiles
 g - 2 curare-tipped darts (quivered)
 m - 4 boomerangs
Armour
 l - a +0 ring mail (worn)
Jewellery
 h - a +4 ring of protection (left hand)
 n - an uncursed ring of protection from fire
 o - a +2 ring of dexterity (right hand)
Wands
 c - a wand of flame (15)
 d - a wand of enslavement (15)
 e - a wand of random effects (15)
Scrolls
 a - a scroll of immolation
 b - a scroll of remove curse
Potions
 i - a potion of curing {unknown}
 k - a potion of lignification {unknown}
Comestibles
 f - 5 rations


   Skills:
 + Level 2.1 Fighting
 + Level 3.7 Short Blades
 + Level 2.2 Armour
 + Level 2.2 Dodging
 + Level 2.4 Stealth
 + Level 3.2 Evocations


You had 5 spell levels left.
You didn't know any spells.
Your spell library was empty.

Dungeon Overview and Level Annotations

Branches:
Dungeon (4/15)
 Temple: D:4-7

Altars:
Cheibriados
Fedhas
Gozag
Sif Muna


Innate Abilities, Weirdness & Mutations

You have extremely sharp teeth.
Your natural rate of healing is unusually fast.
When hurt, damage is shared between your health and your magic reserves.
Your bite disrupts and absorbs the magic of your enemies.
Potions cannot restore your health.
You are immune to rotting.


Message History

You puncture the quokka! You freeze the quokka.
You kill the quokka!
Cheibriados appreciates the change of pace.
You see here a quokka corpse.
An ogre is nearby!
The ogre barely misses you.
You hit the ogre. You freeze the ogre. You bite the ogre. You drain its power.
The ogre is moderately wounded.
You hit the ogre. You freeze the ogre. You bite the ogre. You drain its power.
The ogre is moderately wounded.
The ogre hits you with a +0 giant club.
You barely miss the ogre. You bite the ogre. You drain its power.
You feel invigorated.
The ogre is moderately wounded.
The ogre hits you with a +0 giant club!
You puncture the ogre! You freeze the ogre. Your bite misses the ogre.
The ogre is severely wounded.
The ogre hits you with a +0 giant club!!
Ouch! That really hurt!
You die...

.............
#.....#............##...
#............###........
............# #.#+##.##
#..........###........
#............#........
###.......##...#........
.......O..##...#........
.#...@..##...#........
.........†..............
.....###.........##.#...
#... ###.......##.#...
#.. #....)..##.#... #.
#...))..# .# ## #
#.......# .. #.......#
#......>#


You could see an ogre.

Vanquished Creatures
  A phantom (D:4)
  2 hounds (D:4)
  4 gnolls (D:2)
  8 adders
  2 oozes
  A worm (D:2)
  2 dart slugs
  A leopard gecko (D:3)
  4 orcs (D:4)
  A ball python (D:2)
  6 bats
  4 giant cockroaches
  7 hobgoblins
  8 jackals
  9 kobolds
  2 quokkas
  4 frilled lizards
  6 goblins
  A jackal skeleton (D:4)
  6 rats
  A fungus (D:1)
80 creatures vanquished.

Vanquished Creatures (others)
  2 orc wizards (D:3)
2 creatures vanquished.

Grand Total: 82 creatures vanquished

Notes
Turn   | Place    | Note
-------+----------+-------------------------------------------
     0 | D:1      | An17 the Vine Stalker Artificer began the quest for the
                  | Orb.
     0 | D:1      | Reached XP level 1. HP: 9/9 MP: 3/3
   139 | D:1      | Reached skill level 1 in Fighting
   141 | D:1      | Reached skill level 1 in Short Blades
   145 | D:1      | Reached XP level 2. HP: 7/14 MP: 3/5
   399 | D:1      | Reached XP level 3. HP: 6/18 MP: 6/6
   793 | D:2      | Gained mutation: Your natural rate of healing is unusually
                  | fast. [Vine Stalker growth]
   793 | D:2      | Reached XP level 4. HP: 22/22 MP: 7/7
   913 | D:2      | Reached skill level 1 in Armour
  1031 | D:2      | Reached XP level 5. HP: 23/25 MP: 8/8
  1135 | D:2      | Found a faded altar of an unknown god.
  1161 | D:2      | Became a worshipper of Cheibriados the Contemplative
  1161 | D:2      | Reached * piety under Cheibriados
  1674 | D:3      | Found a blossoming altar of Fedhas.
  1678 | D:3      | Found an opulent altar of Gozag.
  1817 | D:3      | Found a shimmering blue altar of Sif Muna.
  2316 | D:4      | Reached XP level 6. HP: 30/30 MP: 9/9
  2319 | D:4      | Noticed a phantom
  2350 | D:4      | Killed a phantom
  2350 | D:4      | Reached ** piety under Cheibriados
  2421 | D:4      | Slain by an ogre

Levels and vault maps discovered:
D:1:      onia_arrival_mini_maze, layout_rooms
D:2:      layout_basic, chequers_ecumenical_altar_simple_redux
D:3:      layout_loops_ring, led_sif_book, grunt_temple_overflow_open
D:4:      layout_basic, minmay_temple_entry_tees, minmay_ruined_shrine

Skill      XL: |  1  2  3  4  5  6 |
---------------+-------------------+-----
Fighting       | 1 2 |  2.1
Short Blades   | 1 2 3 |  3.7
Evocations     | 3 |  3.2
Dodging        | 2 |  2.2
Armour         | 1 2 |  2.2
Stealth        | 2 |  2.4

Action                   |  1- 3 |  4- 6 || total
-------------------------+-------+-------++-------
Melee: Short sword       |    94 |   161 ||   255
       Bite              |    25 |    43 ||    68
  Use: Scroll            |     3 |     4 ||     7
 Stab: Sleeping          |     3 |     3 ||     6
  Eat: Ration            |       |     1 ||     1
Armor: Leather armour    |    28 |    18 ||    46
       Ring mail         |       |    38 ||    38
Dodge: Dodged            |    51 |    75 ||   126

Table legend:
 A = Non-vault XP
 B = Vault XP
 C = Vault XP percentage of total XP
 D = Non-vault monster count
 E = Vault monster count
 F = Vault count percentage of total count
                 A         B        C        D         E       F
            +---------+---------+-------+---------+---------+-------
      Total |     503 |       0 |   0.0 |      79 |       0 |   0.0
            +---------+---------+-------+---------+---------+-------
        D:1 |      40 |       0 |   0.0 |      23 |       0 |   0.0
        D:2 |     196 |       0 |   0.0 |      32 |       0 |   0.0
        D:3 |      37 |       0 |   0.0 |      13 |       0 |   0.0
        D:4 |     230 |       0 |   0.0 |      11 |       0 |   0.0
            +---------+---------+-------+---------+---------+-------
